[Event "*** Titled Tuesday Blitz"]
[Site "Chess.com"]
[Date "2020.03.03"]
[Round "4"]
[White "MiroVlasenko"]
[Black "northridgehawk"]
[Result "1-0"]
[WhiteElo "2633"]
[BlackElo "2206"]
[TimeControl "180+1"]
[EndTime "9:42:39 PST"]
[Termination "MiroVlasenko won on time"]

1. d4 Nf6 2. Bg5 Ne4 3. Bf4 c5 4. d5 Qb6 5. Nd2 Qxb2 6. Nxe4 Qb4+ 7. Qd2 Qxe4 8. Nf3 Qa4 9. e3 d6 10. Be2 g6 11. c4 Bg7 12. Rb1 O-O 13. h4 Na6 14. h5 Nb4 15. hxg6 fxg6 16. Ng5 Rxf4 17. exf4 Bf5 18. Rb3 Nc2+ 19. Kf1 Qxa2 20. Rxb7 Qa1+ 21.
Qd1 Qxd1+ 22. Bxd1 Bd3+ 23. Be2 Bxe2+ 24. Kxe2 Nd4+ 25.
Kd3 h6 26. Ne6 Nxe6 27. dxe6 Bf8 28. Ra1 a5 29. Ra4 Kg7 30. Rb5 Kf6 31. Raxa5 Rd8 32. Ra6 Kxe6 33. Rxc5 Bg7 34. Rb5 Bf6 35. g4 Rc8 36.
Ra7 Kf7 37. Rd5 Rc6 38. g5 hxg5 39. fxg5 Be5 40. Rb5 Ke6 41. Rbb7 Kf5 42. Rxe7 Kxg5 43. Re8 Kf5 44. Ree7 g5 45. Rf7+ Kg4 46. Rfc7 Rb6 47. Rcb7 Rc6 48. Rc7 Rb6 49. Re7 Rb3+ 50. Ke4 Rc3 51.
Kd5 Rd3+ 52. Ke6 Rd4 53. Rac7 Bf4 54. Red7 Kf3 55. c5 dxc5 56. Rxc5 Rxd7 57. Kxd7 Kxf2 58. Ke6 g4 59. Kf5 Bg3 60. Kxg4 Be5 61. Rxe5 1-0

[Event "*** Titled Tuesday Blitz"]
[Site "Chess.com"]
[Date "2020.03.03"]
[Round "4"]
[White "MartinMatthiesen"]
[Black "Ceejay271"]
[Result "1-0"]
[WhiteElo "2536"]
[BlackElo "2297"]
[TimeControl "180+1"]
[EndTime "9:42:40 PST"]
[Termination "MartinMatthiesen won by checkmate"]

1. d4 Nf6 2. c4 e6 3. Nf3 b6 4.
g3 Bb7 5. Bg2 Be7 6. O-O O-O 7.
Re1 Ne4 8. Nfd2 d5 9. Qc2 f5 10. Nf3 c5 11. cxd5 exd5 12. Nc3 c4 13. Ne5 Nc6 14.
Nxc6 Bxc6 15. f3 Nxc3 16. bxc3 b5 17. e4 fxe4 18. fxe4 dxe4 19. Bxe4 Bxe4 20. Qxe4 Bf6 21. Ba3 Re8 22. Qc6 a6 23. Bc5 Qc8 24. Qd5+ Kh8 25.
a4 Rxe1+ 26. Rxe1 h6 27. Re6 Rb8 28. axb5 axb5 29. Qe4 Qd7 30. Bb4 Rd8 31. Kg2 Rb8 32. h4 Kg8 33. d5 Rd8 34. Rd6 Qc7 35. Qe6+ Kh7 36. Rxd8 Qxd8 37. d6 Qa8+ 38. Kh2 Qf3 39. d7 Qf2+ 40. Kh3 Qf1+ 41. Kg4 Qd1+ 42. Kf5 Qd3+ 43. Kf4 g5+ 44. hxg5 hxg5+ 45. Kg4 Kg6 46. Qe8+ Kg7 47. Bf8+ Kh7 48. Qf7+ Kh8 49. Qxf6+ Kg8 50. Qg7# 1-0

[Event "*** Titled Tuesday Blitz"]
[Site "Chess.com"]
[Date "2020.03.03"]
[Round "4"]
[White "Atakishiyev04"]
[Black "GadimbayliA"]
[Result "1-0"]
[WhiteElo "2690"]
[BlackElo "2903"]
[TimeControl "180+1"]
[EndTime "9:42:41 PST"]
[Termination "Atakishiyev04 won by resignation"]

1. d4 Nf6 2. c4 e6 3. Nf3 b6 4. a3 Bb7 5. Nc3 d5 6. cxd5 Nxd5 7.
Qc2 Nxc3 8. bxc3 Nd7 9. e4 c5 10. Bd3 Qc7 11. O-O cxd4 12. cxd4 Qxc2 13. Bxc2 Be7 14.
Bd3 O-O 15. Bb2 Rac8 16. Rac1 Nf6 17. Nd2 Rfd8 18. Rxc8 Rxc8 19. Rc1 Rxc1+ 20. Bxc1 Nd7 21.
f3 e5 22. d5 Nc5 23. Bc4 Bc8 24. Kf2 Nb7 25. Ba6 Nd6 26. Bxc8 Nxc8 27. Nc4 f6 28. Ke2 Kf8 29. Kd3 Ke8 30. a4 Kd7 31. Be3 Kc7 32. a5 b5 33. Nd2 Kb7 34. Nb3 a6 35. Nc5+ Bxc5 36. Bxc5 g6 37. g4 Kc7 38. h4 Nd6 39. g5 fxg5 40. hxg5 Kd7 41. Ke3 Nc4+ 42. Kf2 Nxa5 43. Kg3 Nb3 44. Bf8 a5 45. f4 exf4+ 46.
Kxf4 a4 47. e5 Nd4 48. Ke4 Nc2 49. e6+ Ke8 50. Bc5 a3 51. d6 a2 52. d7+ Kd8 53.
Bb6+ 1-0

[Event "*** Titled Tuesday Blitz"]
[Site "Chess.com"]
[Date "2020.03.03"]
[Round "4"]
[White "csati17"]
[Black "Fighterman91"]
[Result "1/2-1/2"]
[WhiteElo "2574"]
[BlackElo "2746"]
[TimeControl "180+1"]
[EndTime "9:42:41 PST"]
[Termination "Game drawn by repetition"]

1. c4 e5 2. g3 Nf6 3. Bg2 d5 4. cxd5 Nxd5 5. Nc3 Nb6 6. Nf3 Nc6 7. d3 Be7 8. O-O O-O 9. Be3 Be6 10. Rc1 Re8 11.
a3 a5 12. Ne4 a4 13. Nc5 Bxc5 14. Bxc5 Bb3 15. Qd2 Nd7 16. Be3 Nf8 17. Ng5 Ne6 18.
Nxe6 Rxe6 19. Rc5 Rd6 20. Rfc1 Bd5 21. Bh3 Nd4 22. Bxd4 exd4 23. Qf4 c6 24. Bg2 Bxg2 25. Kxg2 Rf6 26. Qe4 Re6 27. Qg4 Rg6 28. Qe4 Re6 29. Qg4 Qe7 30. R1c2 Re8 31. Kf1 Rg6 32. Qxd4 Qe6 33.
R5c4 Qh3+ 34. Ke1 Qxh2 35. Rxa4 Rf6 36. Qe3 Qg1+ 37. Kd2 Rfe6 38. Re4 Rxe4 39. dxe4 Rd8+ 40. Kc3 Qd1 41. Kb3 h6 42. Qc3 c5 43. Ka2 b6 44. f4 Qh1 45. Qe3 Qd1 46. Qc3 Qh1 47. Qc4 Rd4 48. Qa6 Qxe4 49. Qc8+ Kh7 50. Rc3 Qxe2 51.
Qf5+ Kg8 52. Qc8+ Kh7 53. Qf5+ Kh8 54. Qc8+ Kh7 1/2-1/2

[Event "*** Titled Tuesday Blitz"]
[Site "Chess.com"]
[Date "2020.03.03"]
[Round "4"]
[White "BeanScreen"]
[Black "Omk124"]
[Result "0-1"]
[WhiteElo "2647"]
[BlackElo "2464"]
[TimeControl "180+1"]
[EndTime "9:42:44 PST"]
[Termination "Omk124 won by resignation"]

1. e4 c5 2. Nf3 d6 3. d4 cxd4 4. Nxd4 Nf6 5. Nc3 a6 6. Be3 e5 7.
Nb3 Be7 8. h3 O-O 9. f4 b5 10. Qf3 Bb7 11. O-O-O Nbd7 12. f5 Rc8 13. Nd5 Nxd5 14. exd5 Qc7 15. Na1 Nf6 16. g4 e4 17. Qg2 Nxd5 18. Bd4 Bf6 19. Bxf6 Nxf6 20. g5 e3 21. Qg1 Nd5 22. Rh2 Qa5 23. Kb1 Nf4 24.
Nb3 Qb4 25. Qxe3 Rfe8 26. Qg3 Qe4 27. f6 g6 28. Rhd2 Qf5 29. Rf2 Nh5 30. Qh4 Qe6 31. Bd3 Be4 32. Re2 Bxd3 33. Rxe6 Bxc2+ 34. Ka1 Rxe6 35. Rc1 Rc4 36. Nd4 Re4 37. Qg3 Rcxd4 38. b3 Rd2 39. Qc3 Rde2 40. Rxc2 Rxc2 41. Qxc2 Re8 42. Qc5 dxc5 0-1

[Event "*** Titled Tuesday Blitz"]
[Site "Chess.com"]
[Date "2020.03.03"]
[Round "4"]
[White "FelixJoseYnojosa"]
[Black "Orest_Vovk"]
[Result "0-1"]
[WhiteElo "2678"]
[BlackElo "2533"]
[TimeControl "180+1"]
[EndTime "9:42:45 PST"]
[Termination "Orest_Vovk won on time"]

1. e4 e5 2. Nf3 Nf6 3. Nc3 Nc6 4. Bc4 Bc5 5. d3 d6 6. Bg5 h6 7. Bxf6 Qxf6 8. Nd5 Qd8 9. c3 Ne7 10. b4 Nxd5 11. bxc5 Nf4 12. g3 Nh3 13. cxd6 cxd6 14. Qa4+ Bd7 15. Bb5 a6 16. Bxd7+ Qxd7 17. Qxd7+ Kxd7 18. Rb1 b5 19. Nd2 Rhc8 20. c4 Ng5 21. f4 Ne6 22. O-O f6 23. h4 Nd4 24. Kh2 Rab8 25.
h5 Rc7 26. Kh3 Rcb7 27. Kg4 Nc2 28. Rfc1 Nd4 29. c5 Rc7 30. cxd6 Rxc1 31. Rxc1 Kxd6 32.
fxe5+ fxe5 33. Nf1 a5 34. Ne3 a4 35. a3 Ke6 36.
Rc7 b4 37. axb4 Ra8 38. Nc4 a3 39. Nxa3 Rxa3 40. Rxg7 Rxd3 41. Rg6+ Kf7 42. Rxh6 Rb3 43. Rb6 Ne2 44. h6 Rxg3+ 45. Kf5 Rh3 46. Kxe5 Rh5+ 47. Kd6 Rxh6+ 48. Kc7 Rh4 49. e5 Re4 50. Kd7 Nf4 0-1

[Event "*** Titled Tuesday Blitz"]
[Site "Chess.com"]
[Date "2020.03.03"]
[Round "4"]
[White "Bykov_Egor"]
[Black "Rish_97"]
[Result "1-0"]
[WhiteElo "2588"]
[BlackElo "2751"]
[TimeControl "180+1"]
[EndTime "9:42:47 PST"]
[Termination "Bykov_Egor won by resignation"]

1. d4 Nf6 2. c4 e6 3. Nf3 d5 4.
Nc3 dxc4 5. e4 b5 6. e5 Nd5 7. Nxb5 Nb6 8. Be2 Be7 9. O-O Nc6 10. Be3 O-O 11. b3 cxb3 12. axb3 Bb7 13. Qb1 Nd5 14. Rc1 Ncb4 15. Bd2 a6 16. Na3 Rc8 17. Nc4 c5 18.
Na5 Ba8 19. Qb2 Qd7 20. Rd1 Rfd8 21. dxc5 Bxc5 22. Rac1 Qa7 23. Be1 Nf4 24. Rxd8+ Rxd8 25. Bxb4 Bxb4 26. Nc6 Bxc6 27. Rxc6 Qb7 28. Rc4 Nxe2+ 29. Qxe2 a5 30. h4 h6 31. h5 Bf8 32. Qc2 Rb8 33.
Nd2 Qd5 34. f4 Rd8 35. Nf3 Qb5 36. Kh2 Qd5 37. Rd4 Qa8 38. Qc3 Rc8 39. Rc4 Rxc4 40.
Qxc4 Bb4 41. Kg3 Qd8 42. Qd4 Qxd4 43. Nxd4 Kf8 44. Kf3 Ke8 45. Ke4 Kd7 46. g4 Bd2 47. f5 Bc3 48. fxe6+ fxe6 49. Ne2 Kc6 50. Nxc3 1-0

[Event "*** Titled Tuesday Blitz"]
[Site "Chess.com"]
[Date "2020.03.03"]
[Round "4"]
[White "PotapovaM"]
[Black "praveenb2002"]
[Result "0-1"]
[WhiteElo "2556"]
[BlackElo "2591"]
[TimeControl "180+1"]
[EndTime "9:42:47 PST"]
[Termination "praveenb2002 won by checkmate"]

1. d4 Nf6 2. c4 e6 3. Nc3 Bb4 4. e3 O-O 5. Bd2 d5 6. Nf3 b6 7. Rc1 Bb7 8. Bd3 dxc4 9. Bxc4 a6 10. a3 Bd6 11. O-O Nbd7 12. b4 e5 13. d5 e4 14. Nd4 Ne5 15. Be2 Nxd5 16. Nxd5 Bxd5 17. Nf5 Bb7 18. Bc3 Qf6 19. Ng3 Qg6 20. Qd2 Rfd8 21. Qb2 Nd3 22. Bxd3 exd3 23. f3 Bxg3 24. hxg3 Qxg3 25.
Be5 Qg5 26. Bf4 Qg6 27. Qd2 c6 28. e4 Rac8 29. Be3 b5 30. Rc5 h6 31. Rfc1 Rd7 32. R1c3 Rcd8 33. Rc1 Rd6 34. R1c3 Bc8 35. Kf2 Be6 36.
Bf4 R6d7 37. Rxc6 Qf6 38. Be3 Qh4+ 39. Kg1 Bc4 40. Bf2 Qe7 41. Rxa6 Qe5 42. Rc1 Rd6 43. Ra7 Rg6 44. a4 Qh5 45. axb5 Qxf3 46. Bb6 Rc8 47.
Bc5 Qxe4 48. Qf2 Bd5 49. Re1 Rxg2+ 50. Kf1 Rxf2+ 51. Bxf2 Qf3 52. Re3 Qh1+ 53. Bg1 Qg2+ 54. Ke1 Rc1# 0-1

[Event "*** Titled Tuesday Blitz"]
[Site "Chess.com"]
[Date "2020.03.03"]
[Round "4"]
[White "renehp"]
[Black "ChainsOfFantasia"]
[Result "0-1"]
[WhiteElo "2319"]
[BlackElo "2534"]
[TimeControl "180+1"]
[EndTime "9:42:48 PST"]
[Termination "ChainsOfFantasia won on time"]

1. e4 e6 2. d4 d5 3. Nc3 Nf6 4. e5 Nfd7 5. f4 c5 6. Nf3 Nc6 7. Be3 a6 8. Qd2 b5 9. Be2 Qb6 10. Nd1 b4 11. O-O a5 12. Kh1 cxd4 13. Nxd4 Bc5 14. Nxc6 Qxc6 15. Bd3 O-O 16. Rf3 Ba6 17. Rh3 Bxd3 18. Qxd3 f5 19. exf6 Nxf6 20. Nf2 Bxe3 21. Qxe3 Qxc2 22. Qxe6+ Kh8 23. Nd3 Rae8 24. Qf5 Re2 25.
Rg1 Rd2 26. Rg3 g6 27. Qh3 Ne4 28. Qh6 Rg8 29. Rh3 Rg7 30. Qh4 Qc7 31. Rf1 Qe7 32. Qe1 Kg8 33. Ne5 Rxb2 34. Ng4 h5 35. Ne3 Qe6 36.
f5 gxf5 37. Nxf5 Rgxg2 38. Rxh5 Rbe2 39. Nh6+ Kg7 40. Nf5+ Kg8 41. Nh6+ Kg7 42. Nf5+ Kg6 43. Rh6+ Kg5 0-1

[Event "*** Titled Tuesday Blitz"]
[Site "Chess.com"]
[Date "2020.03.03"]
[Round "4"]
[White "Willychess95"]
[Black "Abund"]
[Result "1-0"]
[WhiteElo "2563"]
[BlackElo "2704"]
[TimeControl "180+1"]
[EndTime "9:42:50 PST"]
[Termination "Willychess95 won by checkmate"]

1. e4 c5 2. Nf3 Nc6 3. d4 cxd4 4.
Nxd4 Nf6 5. Nc3 e5 6. Ndb5 d6 7. Bg5 a6 8. Na3 b5 9. Nd5 Be7 10. Bxf6 Bxf6 11. c4 b4 12. Nc2 O-O 13. g3 a5 14. Bg2 Bg5 15. O-O Be6 16. b3 Ra7 17. f4 exf4 18. gxf4 Bh6 19. Kh1 g6 20. Qd3 Bg7 21.
Rad1 Rd7 22. Nce3 Kh8 23. f5 Bxd5 24. Nxd5 Be5 25. f6 Rg8 26. Bh3 Rb7 27. Bg4 h5 28. Qh3 Kh7 29. Bxh5 Rh8 30. Bxg6+ Kg8 31. Bh5 Kf8 32. Qg4 Rg8 33. Qf3 Nd4 34. Qe3 Rh8 35. Qh3 Ne6 36. Qg4 Rg8 37. Qe2 Rh8 38. Rf2 a4 39. Qg4 axb3 40. axb3 Rg8 41. Qe2 Ra7 42. Rg2 Rh8 43. Qg4 Bxf6 44. Rf1 Be5 45. Bxf7 Rxf7 46. Rxf7+ Kxf7 47. Qg6+ Kf8 48. Rf2+ Nf4 49.
Nxf4 Qf6 50. Ne6+ Ke7 51. Rxf6 Rxh2+ 52. Kg1 Rh3 53. Qg7+ Ke8 54. Rf8# 1-0

[Event "*** Titled Tuesday Blitz"]
[Site "Chess.com"]
[Date "2020.03.03"]
[Round "4"]
[White "vaishali2001"]
[Black "Arystanner"]
[Result "0-1"]
[WhiteElo "2487"]
[BlackElo "2739"]
[TimeControl "180+1"]
[EndTime "9:42:50 PST"]
[Termination "Arystanner won by resignation"]

1. e4 e5 2. Nf3 Nc6 3. Nc3 Nf6 4. Bb5 Bd6 5. O-O a6 6. Bc4 O-O 7. d3 h6 8. a3 Bc5 9. Be3 d6 10. Qd2 Bg4 11. Bxh6 Bxf3 12. Qg5 Ne8 13. gxf3 Nd4 14.
Kg2 Qf6 15. Qxf6 Nxf6 16. Bg5 Nh5 17. Nd5 c6 18. Ne7+ Kh7 19. c3 Ne6 20. h4 d5 21.
exd5 Nxg5 22. hxg5 Bxe7 23. Rh1 Kg6 24. Rae1 cxd5 25.
Rxe5 dxc4 26. Rxe7 cxd3 27. Re4 Rad8 28. f4 d2 29. Rd1 Rd3 30. f3 Kf5 31. Re7 Nxf4+ 32.
Kg3 Kxg5 33. Rxb7 Rh8 34. Rxf7 Rh3+ 35. Kf2 Rh2+ 36. Kg1 Rg2+ 37. Kh1 Re2 38. Rg1+ Rg2 39. Rd1 Rg3 40. Rxg7+ Ng6 41. Rf7 Kh4 42. Rh7+ Kg5 43.
Rf7 Ne5 44. f4+ Kg6 45. Rf8 Ng4 46. Rg8+ Kf7 47. Rf8+ Kxf8 0-1

[Event "*** Titled Tuesday Blitz"]
[Site "Chess.com"]
[Date "2020.03.03"]
[Round "4"]
[White "letsgoband"]
[Black "vlad10898"]
[Result "0-1"]
[WhiteElo "2488"]
[BlackElo "2679"]
[TimeControl "180+1"]
[EndTime "9:42:50 PST"]
[Termination "vlad10898 won by resignation"]

1. e4 c5 2. Nf3 d6 3. Bb5+ Nd7 4. d4 cxd4 5. Qxd4 a6 6. Bxd7+ Bxd7 7. O-O e5 8. Qd3 h6 9. c4 b5 10. Nc3 bxc4 11.
Qxc4 Nf6 12. Rd1 Be7 13. Ne1 O-O 14. Nc2 Be6 15. Qe2 Qb8 16. Ne3 Rc8 17. Ned5 Qb7 18. b3 Rc6 19. Ba3 Rac8 20. Nxe7+ Qxe7 21. Nd5 Bxd5 22. exd5 Rb6 23. Rac1 Qb7 24. Rxc8+ Qxc8 25. h3 Qb7 26. Qd3 g6 27. Qf3 Kg7 28. Bc1 Ng8 29. h4 h5 30. Bg5 f6 31. Bc1 Ne7 32. g3 Rb5 33. Ba3 Nf5 34. Qe4 Ra5 35. Bb4 Rxa2 36. Qb1 Re2 37. Kf1 Qb5 38. Qd3 Qxd3 39. Rxd3 Rb2 40.
Ba5 Rc2 41. Bd8 Kf7 42. Kg2 Nd4 43. Bb6 Nb5 44. Kf3 Rc3 45. Ke2 Rxd3 46. Kxd3 Ke7 47. f3 Kd7 48. g4 Nc7 49. Kc4 f5 50. gxh5 gxh5 51. Be3 Ne8 52. Bg5 Nc7 53. Be3 Na8 54. Bf2 Kc7 55. Be3 Nb6+ 56. Bxb6+ Kxb6 57. Kb4 e4 58. fxe4 fxe4 59. Kc4 Ka5 60. Kd4 Kb4 61. Kxe4 Kxb3 62.
Kf5 a5 63. Ke6 a4 64. Kxd6 a3 65. Ke7 a2 66. d6 a1=Q 67. d7 Qe5+ 68. Kf8 Qf6+ 69.
Ke8 Qxh4 70. d8=Q Qxd8+ 71. Kxd8 h4 0-1

[Event "*** Titled Tuesday Blitz"]
[Site "Chess.com"]
[Date "2020.03.03"]
[Round "4"]
[White "hongnhung1234"]
[Black "mitraasz"]
[Result "0-1"]
[WhiteElo "2250"]
[BlackElo "2088"]
[TimeControl "180+1"]
[EndTime "9:42:51 PST"]
[Termination "mitraasz won by checkmate"]

1. e4 c5 2. Nc3 Nc6 3. f4 g6 4. Nf3 Bg7 5. Bc4 e6 6. O-O Nge7 7. d3 d5 8. Bb3 O-O 9. Qe1 Nd4 10. Nxd4 cxd4 11. Ne2 dxe4 12. dxe4 b6 13. Ng3 Bb7 14. f5 exf5 15. Bg5 h6 16. Bxe7 Qxe7 17. exf5 Qd8 18.
fxg6 Bd5 19. gxf7+ Rxf7 20. Qb4 Rxf1+ 21. Rxf1 Bxb3 22.
Qxb3+ Kh8 23. Nf5 Qg5 24. Qd3 Rd8 25. Re1 Bf6 26. Ng3 Rg8 27. Qf3 d3 28. Qxd3 Bxb2 29. Qf3 Bd4+ 30. Kh1 Qa5 31. Rf1 Qd2 32. Rd1 Qe3 33. Qh5 Re8 34. Rf1 Re5 35. Qf7 Re8 36. Nf5 Qe5 37. Nxd4 Rg8 38. Nf3 Qb5 39. Qf6+ Rg7 40.
Rg1 Kh7 41. Qf4 Qb2 42. Qe4+ Kh8 43. a4 a5 44. Rd1 Qf6 45. Qe8+ Rg8 46. Qe5 Qxe5 47.
Nxe5 Re8 48. Nc4 Re6 49. Rd6 Re1# 0-1

[Event "*** Titled Tuesday Blitz"]
[Site "Chess.com"]
[Date "2020.03.03"]
[Round "4"]
[White "Msb2"]
[Black "Artem_Sadovsky"]
[Result "0-1"]
[WhiteElo "2860"]
[BlackElo "2594"]
[TimeControl "180+1"]
[EndTime "9:42:55 PST"]
[Termination "Artem_Sadovsky won on time"]

1. d4 g6 2. c4 Bg7 3. e4 d6 4. Nc3 e5 5. Nf3 Nc6 6. Bg5 f6 7. Be3 Bh6 8. Bxh6 Nxh6 9. dxe5 fxe5 10. c5 Be6 11. cxd6 cxd6 12. Qd2 Nf7 13. Be2 O-O 14. O-O Qa5 15. Rfd1 Rad8 16. Rac1 a6 17. h3 Kg7 18. Qe3 Qc5 19. Qd2 Qa5 20. a3 Bb3 21. Re1 Ne7 22.
Qe3 Qc5 23. Nd5 Qxe3 24. Nxe3 Nc6 25. Bc4 Bxc4 26. Rxc4 Rc8 27. Rec1 Nfd8 28. Rd1 Nf7 29. b4 Na7 30. a4 Rxc4 31. Nxc4 Rc8 32. Nfd2 Nc6 33.
b5 axb5 34. axb5 Nd4 35. Rb1 Rc5 36. b6 Kf6 37. Kf1 Rb5 38. Rxb5 Nxb5 39. Na5 Nd8 40.
Ke2 Ke6 41. Kd3 d5 42. exd5+ Kxd5 43. Ne4 Nd4 44. Nf6+ Kc5 45. Nd7+ Kb5 46. Nc4 N4c6 47. Nd6+ Ka6 48. Ke4 Ne6 49. h4 Nf4 50. g3 Nh3 51. Ke3 h5 52. Nc4 g5 0-1

[Event "*** Titled Tuesday Blitz"]
[Site "Chess.com"]
[Date "2020.03.03"]
[Round "4"]
[White "kingofthenil"]
[Black "IsaiahMcIntosh"]
[Result "0-1"]
[WhiteElo "2566"]
[BlackElo "2375"]
[TimeControl "180+1"]
[EndTime "9:42:55 PST"]
[Termination "IsaiahMcIntosh won by resignation"]

1. e4 c5 2. d3 Nc6 3. g3 g6 4. Bg2 Bg7 5. f4 d6 6. Nf3 e6 7. O-O Nge7 8. c3 O-O 9. Be3 b6 10. d4 Bb7 11. Re1 Qc7 12. Na3 Rfd8 13. Qd2 a6 14. Rac1 Rac8 15. Qf2 Nb8 16. Bd2 Nd7 17.
g4 Nf6 18. e5 Nxg4 19. Qh4 h5 20. Nc4 Nf5 21. Qh3 d5 22. Ne3 Ngxe3 23. Bxe3 Qd7 24.
Bf2 Qb5 25. b3 Qa5 26. Nh4 cxd4 27. Nxf5 exf5 28. Bxd4 Re8 29. a4 b5 30. axb5 Qxb5 31. b4 Qd7 32. Ra1 Bf8 33. Qd3 Rc4 34. Qe3 Rec8 35. Ra5 Be7 36. h3 Qe6 37. Rd1 Kh7 38. Kh2 Rg8 39. Bc5 Bd8 40. Ra2 g5 41. Qe2 g4 42. hxg4 Rxg4 43. Bh3 Rcxf4 44. Bxg4 Rxg4 45. Rg1 Bc7 46. Bd4 f6 47. Rxg4 hxg4 48. Qf2 Bxe5+ 49. Bxe5 Qxe5+ 50. Qg3 Kg6 51. Rf2 Kg5 52. Qf4+ Qxf4+ 53. Rxf4 Kxf4 54. Kg2 Ke4 55. Kf2 Kd3 56. Kg3 Kxc3 57.
Kf4 Kxb4 58. Kxf5 g3 59. Kxf6 g2 60. Kf5 g1=Q 0-1

[Event "*** Titled Tuesday Blitz"]
[Site "Chess.com"]
[Date "2020.03.03"]
[Round "4"]
[White "Vugar_Manafov"]
[Black "Sanan_Sjugirov"]
[Result "0-1"]
[WhiteElo "2583"]
[BlackElo "2826"]
[TimeControl "180+1"]
[EndTime "9:42:57 PST"]
[Termination "Sanan_Sjugirov won by resignation"]

1. Nf3 g6 2. g3 Bg7 3. Bg2 e5 4. O-O d5 5. d3 Ne7 6. c4 c6 7. Nbd2 O-O 8. Rb1 a5 9. b3 Na6 10. Bb2 d4 11. a3 h6 12. b4 axb4 13. axb4 Nxb4 14. Bxd4 exd4 15. Rxb4 Nf5 16. Ne4 Re8 17.
Qc2 Nd6 18. Nxd6 Qxd6 19. Rfb1 Qe7 20. R4b2 Ra3 21. Kf1 Qd8 22. Rb3 Rxb3 23. Rxb3 Qa5 24. Qb2 Kh7 25. h4 Qd8 26. Qa3 Qf6 27. Qc5 Qe6 28. Rb2 Rd8 29. Nd2 Bf8 30. Qb6 Re8 31. Ne4 Qe5 32. Bf3 f5 33. Nd2 g5 34. hxg5 hxg5 35. g4 fxg4 36. Be4+ Kg8 37. Ke1 g3 38.
fxg3 Qxg3+ 39. Kd1 g4 40. Ra2 Qg1+ 41. Kc2 Bh6 42.
Bxc6 Qe3 43. Bd5+ Be6 44. Bxe6+ Rxe6 45. Ra8+ Kg7 46. Qxb7+ Re7 47. Qb8 Qxd2+ 48. Kb3 Qd1+ 49. Ka2 Qc2+ 50. Ka3 Bc1+ 51. Kb4 Qb2+ 52. Kc5 Qxb8 53. Rxb8 g3 54. Rb1 Be3 55. Kd6 Rf7 56. Rg1 Bxg1 0-1

[Event "*** Titled Tuesday Blitz"]
[Site "Chess.com"]
[Date "2020.03.03"]
[Round "4"]
[White "GM_shahin"]
[Black "albi1999"]
[Result "0-1"]
[WhiteElo "2747"]
[BlackElo "2586"]
[TimeControl "180+1"]
[EndTime "9:42:58 PST"]
[Termination "albi1999 won by resignation"]

1. e4 c6 2. Nf3 d5 3. exd5 cxd5 4. Ne5 Nf6 5. d4 g6 6. Bb5+ Nbd7 7. c3 Bg7 8. O-O O-O 9. Re1 Ne4 10. Nf3 Ndf6 11. Bf4 Qb6 12. Qb3 Ng4 13. Re2 e5 14. Nxe5 Nxe5 15. dxe5 Bg4 16. Be3 Nc5 17. Bxc5 Qxc5 18.
Re1 d4 19. cxd4 Qxd4 20. Nc3 Bxe5 21. Re4 Be6 22. Rxd4 Bxb3 23. Rd7 Be6 24. Rxb7 Rab8 25. Bc6 Rxb7 26. Bxb7 Rb8 27. Bd5 Rxb2 28. Bxe6 fxe6 29. Nd1 Re2 30. Kf1 Rxf2+ 31. Kxf2 Bxa1 32. Ke3 e5 33. Ke4 Bd4 34. h3 Kf7 35. a4 a5 36. g4 h6 37. Kd5 Kf6 38. h4 h5 39. gxh5 gxh5 40. Ke4 Ke6 41. Kd3 Kd5 42. Ke2 Ke4 43. Kd2 Kf4 44. Kd3 Kg4 45. Kc4 Kxh4 46. Kb5 Kg3 47. Kxa5 h4 48. Kb4 h3 49. a5 h2 50. a6 0-1

[Event "*** Titled Tuesday Blitz"]
[Site "Chess.com"]
[Date "2020.03.03"]
[Round "4"]
[White "Pultis"]
[Black "Chigorinetz"]
[Result "1-0"]
[WhiteElo "2780"]
[BlackElo "2573"]
[TimeControl "180+1"]
[EndTime "9:43:02 PST"]
[Termination "Pultis won by resignation"]

1. Nf3 d5 2. g3 Nc6 3. d4 Bf5 4. Bg2 Nb4 5. Na3 e6 6. O-O Nf6 7.
Ne5 c6 8. c3 Na6 9. Qa4 Nc7 10.
Bf4 Bd6 11. Qb3 Rb8 12. Rae1 O-O 13. f3 c5 14. e4 c4 15. Qa4 Bxa3 16. Qxa3 Bg6 17.
Qxa7 Qc8 18. Qb6 Na8 19. Qd6 Rd8 20. Nxg6 hxg6 21. Qxb8 Qxb8 22. Bxb8 Rxb8 23. e5 Nd7 24. f4 b5 25. a3 Nab6 26. g4 Na4 27. Rf2 Kf8 28.
h4 Ke7 29. Bf3 Rh8 30. Rh2 f5 31. exf6+ gxf6 32. Bxd5 Nf8 33. f5 gxf5 34. gxf5 e5 35. dxe5 fxe5 36. Rxe5+ Kf6 37. Re8 Nb6 38. Be6 Na4 39.
h5 Kg5 40. h6 Kf6 41. h7 Kg7 42. Re7+ Kf6 43. Rf7+ Ke5 44. Rxf8 Rxf8 45. h8=Q+ Rxh8 46. Rxh8 Nxb2 47. Rb8 Nd1 48. Rxb5+ Kf6 49. Rc5 Nxc3 50. Rxc4 Nb5 51. a4 Nd6 52. a5 Nxc4 53. Bxc4 Kxf5 54. a6 Ke5 55. a7 1-0

[Event "*** Titled Tuesday Blitz"]
[Site "Chess.com"]
[Date "2020.03.03"]
[Round "4"]
[White "Vyacheslav_N"]
[Black "dlp300"]
[Result "1-0"]
[WhiteElo "2579"]
[BlackElo "2683"]
[TimeControl "180+1"]
[EndTime "9:43:10 PST"]
[Termination "Vyacheslav_N won by resignation"]

1. e4 e5 2. Nc3 Nc6 3. g3 Bc5 4. Bg2 h5 5. h3 h4 6. g4 Nge7 7. Nge2 a6 8. O-O g5 9. d3 Ng6 10. Be3 d6 11. d4 Ba7 12. dxe5 Bxe3 13. fxe3 Ngxe5 14. Nd5 Rh6 15. Nd4 Be6 16. Nf5 Rg6 17.
Qe2 Bxd5 18. exd5 Ne7 19. Nd4 Qd7 20. Be4 Rg7 21. c4 Kf8 22. Ne6+ Kg8 23. Nxg7 Kxg7 24. Rf2 f6 25. Raf1 Ng8 26. Bf5 Qa4 27. b3 Qb4 28.
Be6 Qc5 29. Bxg8 Rxg8 30. Rxf6 Re8 31. Qf2 Re7 32. Re6 Rf7 33. Rf6 Re7 34. Rf5 Ng6 35.
Rxg5 Qxe3 36. Qxe3 Rxe3 37. Kf2 Rxh3 38. Rg1 Kh6 39. Rh5+ Kg7 40. Re1 Rh2+ 41. Kg1 Rxa2 42. Re6 Nf4 43. Rg5+ Kh7 44. Re7+ Kh6 45. Rg8 Nh3+ 46.
Kf1 Nf4 47. Rf7 Ng6 48. Rf6 h3 49. Rfxg6+ Kh7 50. R8g7+ Kh8 51. Rg8+ Kh7 52. R6g7+ Kh6 53. g5+ Kh5 54. Rh7+ Kg4 55. g6 Kg3 56. g7 Ra1+ 57. Ke2 Rg1 58. Rf8 Rg2+ 59. Ke3 Kh2 60. g8=Q 1-0

[Event "*** Titled Tuesday Blitz"]
[Site "Chess.com"]
[Date "2020.03.03"]
[Round "4"]
[White "j2806"]
[Black "Spring199"]
[Result "1/2-1/2"]
[WhiteElo "1954"]
[BlackElo "2233"]
[TimeControl "180+1"]
[EndTime "9:43:10 PST"]
[Termination "Game drawn - insufficient material"]

1. e4 e5 2. Nf3 Nc6 3. Bb5 a6 4. Ba4 Nf6 5. d3 d6 6. c3 g6 7. O-O Bg7 8. Re1 O-O 9. h3 b5 10. Bb3 h6 11. Nbd2 Nd7 12. Nf1 Nc5 13. Bc2 Ne6 14. Ng3 Nf4 15. Kh2 Kh7 16. d4 Qd7 17. dxe5 dxe5 18. Qxd7 Bxd7 19. Be3 Ne6 20. Red1 Rad8 21.
Bb3 Bc8 22. Kg1 Rfe8 23. Kf1 Bf8 24. Ke2 Kg7 25. Bd5 Ne7 26. Bb3 f6 27. Rd2 Nf4+ 28.
Kf1 Nc6 29. Rad1 Rxd2 30. Rxd2 Rd8 31. Ne2 Rxd2 32. Bxd2 Nd3 33. Bd5 Ne7 34. b3 Nxd5 35. exd5 Bb7 36. c4 bxc4 37. bxc4 Nb2 38. Ba5 Bd6 39. Nd2 Nd3 40. Bc3 Kf7 41. f3 Ke7 42. Nb3 Nc5 43. Bb4 Nxb3 44. Bxd6+ Kxd6 45. axb3 Kc5 46. Ke1 Kb4 47. Nc1 a5 48. Kd2 Ba6 49. Kc2 a4 50. Nd3+ Ka3 51. Nc5 axb3+ 52. Nxb3 Bxc4 53. Nc5 Bxd5 54. Nd7 f5 55. Nxe5 Kb4 56. Nxg6 c5 57. Ne7 Bb3+ 58. Kb2 f4 59. Nf5 c4 60. Nxh6 c3+ 61. Kc1 Bc4 62. Ng4 Bf1 63. Ne5 Bxg2 64. Nd3+ Kb3 65. Nxf4 Bxf3 66. h4 Be4 67. h5 c2 68. h6 Kc3 69. Nh5 Kd4 70.
Nf6 Bg6 71. h7 Bxh7 72. Nxh7 Kc3 73. Nf6 Kb3 74. Ne4 Kb4 75. Nd2 Kc5 76. Kxc2 1/2-1/2

[Event "*** Titled Tuesday Blitz"]
[Site "Chess.com"]
[Date "2020.03.03"]
[Round "4"]
[White "ZWISCHENZUGGED"]
[Black "JussupowFan"]
[Result "1-0"]
[WhiteElo "2556"]
[BlackElo "2338"]
[TimeControl "180+1"]
[EndTime "9:43:13 PST"]
[Termination "ZWISCHENZUGGED won on time"]

1. d4 Nf6 2. c4 c5 3. d5 e5 4. Nc3 d6 5. e4 Be7 6. Be2 Nbd7 7. Be3 Nf8 8. g3 h5 9. f3 h4 10. g4 Ng6 11. Nh3 Nh7 12. Qd2 f6 13. a3 Ng5 14. Nxg5 fxg5 15. b4 b6 16. O-O O-O 17. Rfb1 Bd7 18. a4 h3 19. a5 Nh4 20.
Qd1 Rf4 21. axb6 axb6 22. Rxa8 Qxa8 23. bxc5 bxc5 24. Bxf4 exf4 25. Ra1 Qf8 26. Ra7 Bf6 27. Rxd7 Bxc3 28. Qb3 Qf6 29. Kf1 Qd4 30. Qb8+ Kh7 31.
Qb1 Ng2 32. e5+ Kh6 33. Qd3 Qxe5 34. Qe4 Ne3+ 35. Kg1 Nc2 36. Qxe5 Bxe5 37. Kf2 Nd4 38. Kf1 Nc2 39. Rb7 Ne3+ 40. Kg1 Nc2 41. Kf2 Nb4 42.
Ra7 Bd4+ 43. Kf1 Nc2 44. Ra6 Ne3+ 45. Ke1 Be5 46. Kd2 Ng2 47. Kd1 Ne3+ 48. Kd2 Ng2 49.
Kd1 Nh4 50. Ke1 Ng2+ 51. Kf2 Ne3 52. Rb6 Kg6 53. Rb8 Kf6 54. Re8 Bd4 55. Re6+ Kf7 56.
Ke1 Ng2+ 57. Kd1 Bg1 58. Rxd6 Bxh2 59. Rd7+ Kf6 60. Rd6+ Ke7 61. Re6+ Kd7 62. Rg6 Bg3 63. Rxg7+ Kd6 64. Rg6+ Ke5 65. Re6+ Kd4 66. Rh6 h2 67. Rxh2 Bxh2 68. d6 Ne3+ 69. Kc1 Ke5 70. d7 1-0